 Dungeon Crawl Stone Soup version 0.27-a0-1431-gcffa5a9b16 (webtiles) character file.

Game seed: 14419997219231642501

235 Wyvernaa the Covered (level 5, -3/41 HPs)
             Began as a Demonspawn Fighter on July 2, 2021.
             Slain by Terence (4 damage)
             ... on level 3 of the Dungeon.
             The game lasted 00:06:09 (2403 turns).

Wyvernaa the Covered (Demonspawn Fighter)           Turns: 2403, Time: 00:06:09

Health: -3/41      AC:  7    Str: 17    XL:     5   Next: 76%
Magic:  5/5        EV:  7    Int: 10    God:
Gold:   107        SH:  9    Dex: 12    Spells: 4/4 levels left

rFire    . . .     SeeInvis .     - Unarmed
rCold    . . .     Faith    .   c - +0 kite shield
rNeg     . . .     Spirit   .   b - +0 scale mail
rPois    .         Reflect  .   (helmet restricted)
rElec    .         Harm     .   (no cloak)
rCorr    .         Rampage  .   (no gloves)
Will     .....                  (no boots)
Stlth    ..........             (no amulet)
HPRegen  0.13/turn              (no ring)
MPRegen  0.09/turn              (no ring)

@: no status effects
A: claws 1, horns 1, talons 1
a: no special abilities


You were on level 3 of the Dungeon.
You visited 1 branch of the dungeon, and saw 3 of its levels.

You collected 107 gold pieces.

Inventory:

Hand Weapons
 a - a +0 rapier of flaming
Armour
 b - a +0 scale mail (worn)
 c - a +0 kite shield (worn)
Jewellery
 e - a ring of ice
Potions
 d - 2 potions of might
 g - 3 potions of curing


   Skills:
 + Level 3.3 Fighting
 - Level 2.6 Short Blades
 + Level 4.1 Armour
 + Level 0.9 Dodging
 + Level 0.1 Stealth
 + Level 3.6 Shields
 * Level 1.7 Unarmed Combat


You had 4 spell levels left.
You didn't know any spells.
Your spell library contained the following spells:

 Spells                   Type           Power      Damage    Failure   Level
 Apportation              Tloc           0%         N/A       99%         1
 Blink                    Tloc           N/A        N/A       100%        2
 Alistair's Intoxication  Tmut/Pois      0%         N/A       100%        5
 Manifold Assault         Tloc           0%         N/A       100%        5
 Invisibility             Hex            0%         N/A       100%        6
 Storm Form               Tmut/Air       0%         N/A       100%        7


Dungeon Overview and Level Annotations

Branches:
Dungeon (3/15)

Altars:

Annotations:
D:3 Terence


Innate Abilities, Weirdness & Mutations

You have sharp fingernails.
You have a pair of small horns on your head.
You have sharp toenails.


Message History

Blink to where?
Press: ? - help, Dir - move target
As you read the scroll labelled WOEMOD APNAASE, it crumbles to dust.
It was a scroll of blinking.
Terence the Incautious comes into view.
He is wielding a +0 short sword.
Terence shouts!
The orc priest hits you with a +0 club. The orc hits you with a +0 flail.
The orc hits you but does no damage.
Okay, then.
You scratch the orc priest.
You claw the orc priest, but do no damage.
The orc priest is lightly wounded.
You block the orc priest's attack. The orc hits you with a +0 flail.
The orc hits you but does no damage.
You barely miss the orc priest. You claw the orc priest.
You headbutt the orc priest.
The orc priest is moderately wounded.
The orc priest hits you with a +0 club. The orc hits you with a +0 flail.
* * * LOW HITPOINT WARNING * * *
The orc hits you but does no damage. The orc priest hits you with a +0 club.
* * * LOW HITPOINT WARNING * * *
You block the orc's attack. The orc hits you with a +0 flail.
* * * LOW HITPOINT WARNING * * *
As you read the scroll labelled TEGE KEWITY, it crumbles to dust.
It is a scroll of brand weapon.
Your +0 rapier is engulfed in flames!
a - a +0 rapier of flaming Terence hits you with a +0 short sword.
* * * LOW HITPOINT WARNING * * *
The orc priest hits you but does no damage.
The orc barely misses you. x2
As you read the scroll labelled WELEZU FUHOH, it crumbles to dust.
The scroll dissolves into smoke.
It was a scroll of fog.
You block Terence's attack.
The orc priest hits you but does no damage.
You block the orc's attack. The orc closely misses you.
As you read the scroll labelled BUTTADGH RAKHLORYO, it crumbles to dust.
The creatures around you are filled with an inner flame!
It was a scroll of immolation.
Terence hits you with a +0 short sword.
You die...

#.# #.#
#.#
##.##
...#
#..#
#§§#
#.###oo#
#...§o@#
#.####@#
#§# #.#
..# #.#
#.# #.#


You could see Terence (inner flame), an orc priest (inner flame) and 2 orcs.

Vanquished Creatures
  A scorpion (D:3)
  A centaur zombie (D:3)
  Natasha (thrice) (D:2)
  2 adders (D:2)
  A worm (D:2)
  A dart slug (D:1)
  An orc (D:3)
  6 endoplasms
  3 giant cockroaches (D:1)
  2 goblins
  6 hobgoblins
  2 jackals (D:1)
  4 quokkas
  4 bats (D:2)
  A frilled lizard (D:1)
  3 kobolds (D:2)
  5 rats
46 creatures vanquished.

Notes
Turn   | Place    | Note
-------+----------+-------------------------------------------
     0 | D:1      | Wyvernaa the Demonspawn Fighter began the quest for the
                  | Orb.
     0 | D:1      | Reached XP level 1. HP: 18/18 MP: 1/1
   176 | D:1      | Found a faded altar of an unknown god.
   210 | D:1      | Gained mutation: You have a pair of small horns on your
                  | head. [demonic ancestry]
   210 | D:1      | Reached XP level 2. HP: 14/24 MP: 2/2
   452 | D:1      | Reached skill level 3 in Armour
  1244 | D:2      | Gained mutation: You have sharp fingernails. [demonic
                  | ancestry]
  1244 | D:2      | Reached XP level 3. HP: 21/29 MP: 3/3
  1351 | D:2      | Noticed Natasha
  1358 | D:2      | Killed Natasha
  1377 | D:2      | Noticed Natasha
  1385 | D:2      | Killed Natasha
  1386 | D:2      | Gained mutation: You have sharp toenails. [demonic
                  | ancestry]
  1386 | D:2      | Reached XP level 4. HP: 16/35 MP: 4/4
  1645 | D:2      | Noticed Natasha
  1655 | D:2      | Killed Natasha
  1656 | D:2      | Reached skill level 1 in Unarmed Combat
  1860 | D:2      | Reached XP level 5. HP: 41/41 MP: 5/5
  2271 | D:3      | Reached skill level 4 in Armour
  2398 | D:3      | Noticed Terence
  2401 | D:3      | HP: 1/41 [Terence (2)]
  2403 | D:3      | Slain by Terence

Illustrated notes

Levels and vault maps discovered:
D:1:      dpeg_arrival_leaves_temple_mockup, layout_basic,
          shapermc_ecumenical_altar_flowoftime, minivault_4
D:2:      layout_rooms, uniq_natasha
D:3:      minmay_razor_zed, layout_loops_ring, uniq_terence

Skill      XL: |  1  2  3  4  5 |
---------------+----------------+-----
Short Blades   | 2 |  2.6
Armour         | 3 4 |  4.1
Shields        | 3 |  3.6
Unarmed Combat | 1 |  1.7
Fighting       | |  3.3
Dodging        | |  0.9
Stealth        | |  0.1

Action                   |  1- 3 |  4- 6 || total
-------------------------+-------+-------++-------
Melee: Rapier            |    90 |    29 ||   119
       Headbutt          |     9 |    13 ||    22
       Unarmed           |       |    36 ||    36
       Kick              |       |    19 ||    19
  Use: Scroll            |       |     4 ||     4
       Potion            |       |     1 ||     1
Armor: Scale mail        |    42 |    31 ||    73
Dodge: Dodged            |    35 |    19 ||    54
Block: Kite shield       |    56 |    37 ||    93

Table legend: (Time is in decaauts)
 A = Elapsed time spent in this place.
 B = Non-inter-level travel time spent in this place.
 C = Inter-level travel time spent in this place.
 D = Time resting spent in this place.
 E = Time spent auto-exploring this place.
 F = Levels seen in this place.
 G = Mean time per level.
                   A        B        C        D        E       F      G
               +--------+--------+--------+--------+--------+-----+--------+
         Total |   2469 |   2447 |     22 |    856 |   1134 |   3 |  823.0 |
       Dungeon |   2469 |   2447 |     22 |    856 |   1134 |   3 |  823.0 |
               +--------+--------+--------+--------+--------+-----+--------+

Top non-repeatable levels by time:
     D:1: 1376 daAuts
     D:2: 743 daAuts
     D:3: 349 daAuts
